 Dungeon Crawl Stone Soup version 0.31-a0-986-g5e6e4ef867 (webtiles) character file.

Game seed: 1124460123705085631

2738 zurenarrh the Thaumaturge (level 10, 0/63 HPs)
             Began as a Formicid Earth Elementalist on Nov 3, 2023.
             Was a Believer of Cheibriados.
             Slain by an azure jelly (shapeshifter) (2 damage)
             ... on level 7 of the Dungeon.
             The game lasted 00:11:46 (6253 turns).

zurenarrh the Thaumaturge (FoEE)                    Turns: 6253, Time: 00:11:47

Health: 0/63       AC:  4    Str: 18    XL:     10   Next: 0%
Magic:  15/22      EV: 13    Int: 22    God:    Cheibriados [**....]
Gold:   199        SH:  0    Dex: 18    Spells: 21/25 levels left

rFire   . . .        x - +11 long sword of Sunlight {freeze, SInv}
rCold   . . .        (no shield)
rNeg    . . .        a - +0 robe
rPois   +            (helmet unavailable)
rElec   .            (no cloak)
rCorr   .            r - +0 pair of gloves
SInv    +            q - +0 pair of boots
Will    +....        (no amulet)
Stlth   +++          i - +4 ring of slaying
HPRegen 0.30/turn    j - ring of poison resistance
MPRegen 0.18/turn

%: no passive effects
@: very slow
A: permanent stasis, dig shafts and tunnels, antennae 3, four strong arms, wild
magic 1, inability to drink after injury 1
a: Dig, Shaft Self, Renounce Religion, Bend Time


You were on level 7 of the Dungeon.
You worshipped Cheibriados.
Cheibriados was pleased with you.
You visited 2 branches of the dungeon, and saw 8 of its levels.

You collected 271 gold pieces.
You spent 72 gold pieces at shops.

Inventory:

Hand Weapons
 c - a +0 whip
 d - a +2 short sword of draining
 p - a +2 spear of flaming
 x - the +11 long sword of Sunlight (weapon) {freeze, SInv}
   (You found it on level 5 of the Dungeon)

   SInv:      It lets you see invisible.
Missiles
 s - a throwing net
Armour
 a - a +0 robe (worn)
 q - a +0 pair of boots (worn)
 r - a +0 pair of gloves (worn)
Magical Staves
 w - a staff of poison
 y - a staff of conjuration
Jewellery
 i - a +4 ring of slaying (left hand)
 j - a ring of poison resistance (right hand)
Wands
 t - a wand of polymorph (5)
 u - a wand of acid (8)
Scrolls
 e - 3 scrolls of teleportation
 f - a scroll of blinking
 g - 2 scrolls of fog
 h - 4 scrolls of identify
 m - a scroll of fear
Potions
 b - a potion of magic
 k - 2 potions of lignification
 l - a potion of brilliance
 n - a potion of berserk rage
 o - a potion of cancellation
 v - a potion of curing


   Skills:
 - Level 3.0 Dodging
 - Level 4.1 Stealth
 + Level 8.4 Spellcasting
 - Level 7.0 Conjurations
 - Level 2.0 Transmutations
 - Level 7.1 Earth Magic


You had 21 spell levels left.
You knew the following spells:

 Your Spells              Type           Power      Damage    Failure   Level
a - Sandblast             Erth           100%       2d20      1%          1
b - Stone Arrow           Conj/Erth      100%       3d13      2%          3

Your spell library contained the following spells:

 Spells                   Type           Power      Damage    Failure   Level
 Passwall                 Tmut/Erth      31%        N/A       3%          2
 Brom's Barrelling Bould  Conj/Erth      51%        2d7       6%          4
 Apportation              Tloc           24%        N/A       11%         1
 Petrify                  Tmut/Erth      38%        N/A       16%         4


Dungeon Overview and Level Annotations

Branches:
Dungeon (7/15)             Temple (1/1) D:5

Altars:
Ashenzari
Cheibriados
Dithmenos
Fedhas
Gozag
Kikubaaqudgha
Makhleb
Nemelex Xobeh
Okawaru
Qazlal
Ru
Sif Muna
Trog
Uskayaw
Vehumet
Wu Jian
Xom
Yredelemnul
Zin
The Shining One

Shops:
D:2 ?

Annotations:
D:3 3 runed translucent doors, Cris's ghost, amateur DsCj


Innate Abilities, Weirdness & Mutations

You cannot be hasted, slowed, berserked, paralysed or teleported.
You can dig through walls and to a lower floor.
You have a pair of large antennae on your head. (SInv)
Your four strong arms can wield two-handed weapons with a shield.
Your spells are a little harder to cast, but a little more powerful.
You occasionally lose the ability to drink potions when taking damage.


Message History

The blast of sand hits the ogre!!
The ogre is severely wounded.
The orc wizard casts a spell.
The orc wizard flickers and vanishes for a moment.
The blast of sand hits the ogre!
You kill the ogre!
Cheibriados appreciates the change of pace.
An orc comes into view. It is wielding a +0 hand axe.
An azure jelly comes into view.
The blast of sand hits the orc wizard!
The orc wizard is almost dead.
The azure jelly quivers.
The blast of sand hits the orc wizard!
You kill the orc wizard!
Cheibriados appreciates the change of pace.
An orc comes into view. It is wielding a +0 club.
You have reached level 10!
Aiming: Polymorph
Press: ? - help, Shift-Dir - straight line, f - azure jelly
Aim: an azure jelly (will become a white draconian, a formless jellyfish, or a catoblepas, chance to affect: 7%)
Okay, then.
Casting: Sandblast (safe; 1% risk of failure)
Confirm with . or Enter, or press ? or * to list all spells.
Aiming: Stone Arrow (dangerous; 2% risk of failure)
Press: ? - help, Shift-Dir - straight line, f - azure jelly
Aim: an azure jelly (78% to hit)
The stone arrow hits the azure jelly!!
The azure jelly is moderately wounded.
The orc shouts!
The azure jelly hits you. The azure jelly freezes you!!
The azure jelly hits you. The azure jelly freezes you!
* * * LOW HITPOINT WARNING * * *
The azure jelly hits you!
* * * LOW HITPOINT WARNING * * *
The azure jelly hits you.
* * * LOW HITPOINT WARNING * * *
You extend your mandibles.
The azure jelly barely misses you. The azure jelly closely misses you.
The azure jelly hits you.
You die...

>..## #.# ##...#####.# ####
#.# #.## ##..# #######<##
####...# .........#
#.))..##
#######..##.#########)#..##
<.............##.#)##
..###....######.##.#)# ...
..#### ####....#.# ## ###
#o@.....#.# #.J#####.#.#
..... ....# #...## #..##
♣o... #..# .### #..# #..#


You could see an azure jelly and 2 orcs.

Vanquished Creatures
  Sigmund (D:5)
  3 yaks (D:5)
  A water moccasin (D:5)
  3 orc warriors
  4 ogres
  A phantom (D:5)
  2 centaurs
  Blork the orc (D:5)
  A bullfrog (D:7)
  4 scorpions
  2 orc priests
  3 hounds
  A jelly (D:5)
  2 sleepcaps (D:6)
  An iguana (D:5)
  Natasha (thrice) (D:3)
  10 orc wizards
  10 adders
  5 gnolls
  A white imp (D:7)
  2 ufetubi (D:6)
  2 worms
  2 dart slugs
  17 orcs
  8 ball pythons
  7 bats
  5 endoplasms
  4 giant cockroaches
  6 goblins
  5 hobgoblins
  3 jackals (D:1)
  7 quokkas
  3 frilled lizards
  6 kobolds
  2 rats (D:1)
138 creatures vanquished.

Vanquished Creatures (others)
  A frilled lizard (D:1)
1 creature vanquished.

Grand Total: 139 creatures vanquished

Notes
Turn   | Place    | Note
-------+----------+-------------------------------------------
     0 | D:1      | zurenarrh the Formicid Earth Elementalist began the quest
                  | for the Orb.
     0 | D:1      | Reached XP level 1. HP: 13/13 MP: 3/3
   140 | D:1      | Reached XP level 2. HP: 16/19 MP: 1/5
   457 | D:1      | Reached XP level 3. HP: 24/24 MP: 4/6
   572 | D:1      | Found a faded altar of an unknown god.
  1310 | D:2      | Found Alengex's Magic Scroll Boutique.
  1322 | D:2      | Reached XP level 4. HP: 30/30 MP: 4/7
  1351 | D:2      | Bought a scroll of identify for 24 gold pieces
  1351 | D:2      | Bought a scroll of fear for 48 gold pieces
  1596 | D:3      | Identified the "Omnidim"
  1701 | D:3      | Reached XP level 5. HP: 35/35 MP: 5/8
  1800 | D:3      | Noticed Natasha
  1822 | D:3      | Killed Natasha
  2024 | D:3      | Noticed Natasha
  2028 | D:3      | Killed Natasha
  2029 | D:3      | Reached skill level 5 in Earth Magic
  2164 | D:3      | Noticed Natasha
  2206 | D:3      | Killed Natasha
  2207 | D:3      | Reached XP level 6. HP: 34/41 MP: 6/9
  2288 | D:3      | Found an ancient bone altar of Kikubaaqudgha.
  2304 | D:3      | Found a shimmering blue altar of Sif Muna.
  2307 | D:3      | Found a radiant altar of Vehumet.
  2317 | D:3      | Learned a level 3 spell: Stone Arrow
  2386 | D:3      | Found a runed translucent gate.
  2386 | D:3      | Found a runed translucent gate.
  2386 | D:3      | Found a runed translucent gate.
  2386 | D:3      | Noticed Cris's ghost (amateur DsCj)
  2570 | D:4      | Gained mutation: You occasionally lose the ability to drink
                  | potions when taking damage. [potion of mutation]
  2570 | D:4      | Gained mutation: Your spells are a little harder to cast,
                  | but a little more powerful. [potion of mutation]
  2589 | D:4      | Found a stormy altar of Qazlal.
  2653 | D:4      | Noticed an ogre
  2655 | D:4      | Killed an ogre
  3027 | D:4      | Reached skill level 1 in Conjurations
  3027 | D:4      | Reached XP level 7. HP: 46/46 MP: 8/10
  3660 | D:5      | Entered Level 5 of the Dungeon
  3886 | D:5      | Noticed a water moccasin
  3905 | D:5      | Killed a water moccasin
  3906 | D:5      | Reached XP level 8. HP: 20/52 MP: 1/11
  4099 | D:5      | Found a blossoming altar of Fedhas.
  4109 | D:5      | Reached skill level 5 in Conjurations
  4131 | D:5      | Noticed a yak
  4148 | D:5      | Killed a yak
  4149 | D:5      | Noticed a yak
  4150 | D:5      | Noticed a yak
  4154 | D:5      | Killed a yak
  4159 | D:5      | HP: 1/52 [yak (7)]
  4160 | D:5      | Killed a yak
  4347 | D:5      | Found a staircase to the Ecumenical Temple.
  4358 | Temple   | Entered the Ecumenical Temple
  4371 | Temple   | Became a worshipper of Cheibriados the Contemplative
  4418 | D:5      | Identified the +11 long sword of Sunlight {freeze, SInv}
  4444 | D:5      | Noticed Blork the orc
  4450 | D:5      | Killed Blork the orc
  4548 | D:5      | Noticed Sigmund
  4553 | D:5      | Killed Sigmund
  4554 | D:5      | Reached skill level 4 in Spellcasting
  4554 | D:5      | Reached XP level 9. HP: 57/57 MP: 9/15
  4911 | D:6      | Reached skill level 5 in Spellcasting
  5028 | D:6      | Reached skill level 6 in Spellcasting
  5067 | D:6      | Reached * piety under Cheibriados
  5638 | D:6      | Found a bloodstained altar of Trog.
  5643 | D:6      | Found an ornate altar of the Wu Jian Council.
  5645 | D:6      | Found an opulent altar of Gozag.
  5645 | D:6      | Found a sparkling altar of Nemelex Xobeh.
  5646 | D:6      | Found a broken altar of Ashenzari.
  5792 | D:7      | Reached skill level 7 in Spellcasting
  5920 | D:7      | Found a hide-covered altar of Uskayaw.
  5978 | D:7      | Reached ** piety under Cheibriados
  6008 | D:7      | Reached skill level 8 in Spellcasting
  6249 | D:7      | Noticed an azure jelly
  6252 | D:7      | Reached XP level 10. HP: 63/63 MP: 18/22
  6252 | D:7      | HP: 2/63 [azure jelly (shapeshifter) (5)]
  6253 | D:7      | Slain by an azure jelly (shapeshifter)

Illustrated notes

Levels and vault maps discovered:
D:1:      beargit_arrival_diablo_church, layout_basic,
          hellmonk_ecumenical_altar_inner_sanctum, minmay_misc_feat_chi,
          minmay_split_cup_small
D:2:      layout_loops_ring, serial_shops, shop
D:3:      layout_basic, grunt_temple_overflow_magic_moments,
          gammafunk_ghost_nasty_kobolds, minmay_strange_pillars, uniq_natasha
D:4:      layout_loops_corners, nicolae_overflow_crystal_walls
D:5:      layout_rooms, mainiacjoe_overflow_six_doors_small,
          minmay_temple_entry_statues_pillars, uniq_blork_the_orc, uniq_sigmund
D:6:      layout_loops_ring, minitemple, minmay_holes
D:7:      nzn_winding_woodlands_small [nzn_winding_woodlands_5x15_cabin,
          nzn_winding_woodlands_center_garden,
          nzn_winding_woodlands_5x15_jagged], layout_rooms,
          nicolae_uskayaw_dance_hall
Temple:   dpeg_three_leaves_temple

Skill      XL: |  1  2  3  4  5  6  7  8  9 |
---------------+----------------------------+-----
Dodging        | 2 3 |  3.0
Earth Magic    | 4 5 7 |  7.1
Stealth        | 3 4 |  4.1
Transmutations | 2 |  2.0
Conjurations   | 1 4 7 |  7.0
Spellcasting   | 4 8 |  8.4

Action                     |  1- 3 |  4- 6 |  7- 9 | 10-12 || total
---------------------------+-------+-------+-------+-------++-------
  Melee: Whip              |    11 |       |       |       ||    11
         Short sword       |     5 |       |       |       ||     5
         Spear             |       |     4 |    13 |       ||    17
         Long sword        |       |       |     1 |       ||     1
   Cast: Sandblast         |    44 |    55 |   122 |       ||   221
         Stone Arrow       |       |       |     7 |     1 ||     8
Ability: Dig               |       |       |       |     1 ||     1
         Shaft Self        |       |       |       |     1 ||     1
  Evoke: Wand              |       |     1 |     2 |       ||     3
    Use: Scroll            |       |    10 |       |       ||    10
         Potion            |       |     1 |     1 |       ||     2
   Stab: Sleeping          |       |       |     1 |       ||     1
 Armour: Robe              |    25 |    16 |    50 |     5 ||    96
         Skin              |       |     1 |       |       ||     1
  Dodge: Dodged            |    27 |    15 |    32 |     2 ||    76

Table legend: (Time is in decaauts)
 A = Elapsed time spent in this place.
 B = Non-inter-level travel time spent in this place.
 C = Inter-level travel time spent in this place.
 D = Time resting spent in this place.
 E = Time spent auto-exploring this place.
 F = Levels seen in this place.
 G = Mean time per level.
                   A        B        C        D        E       F      G
               +--------+--------+--------+--------+--------+-----+--------+
         Total |   6750 |   6383 |    367 |    766 |   4642 |   8 |  843.8 |
       Dungeon |   6707 |   6380 |    327 |    766 |   4642 |   7 |  958.1 |
        Temple |     42 |      2 |     40 |      0 |      0 |   1 |   42.0 |
               +--------+--------+--------+--------+--------+-----+--------+

Top non-repeatable levels by time:
     D:6: 1252 daAuts
     D:4: 1182 daAuts
     D:5: 1132 daAuts
     D:2: 900 daAuts
     D:3: 866 daAuts
     D:1: 840 daAuts
     D:7: 532 daAuts
  Temple: 42 daAuts
